 Dungeon Crawl Stone Soup version 0.23-a0-143-g1adec7bb76 (webtiles) character file.

12789 Rrauwl the Severer (level 12, -6/86 HPs)
             Began as a Formicid Artificer on Sept 4, 2018.
             Was an Elder of Makhleb.
             Mangled by a white ugly thing (28 damage)
             ... on level 11 of the Dungeon.
             The game lasted 00:40:52 (11954 turns).

Rrauwl the Severer (Formicid Artificer)            Turns: 11954, Time: 00:40:53

Health: -6/86      AC: 16    Str: 22    XL:     12   Next: 24%
Magic:  12/15      EV: 10    Int: 11    God:    Makhleb [****..]
Gold:   314        SH: 11    Dex: 14    Spells: 11/11 levels left

rFire    . . .     SeeInvis +   a - +1 war axe (chop)
rCold    . . .     Gourm    .   s - +0 shield
rNeg     . . .     Faith    .   G - +2 scale mail {MR+}
rPois    .         Spirit   .   (helmet unavailable)
rElec    .         Reflect  .   (no cloak)
rCorr    .         Harm     .   w - +0 pair of gloves
MR       ++...                  h - +0 pair of boots
Stlth    +.........             x - amulet of magic regeneration
HPRegen  0.24/turn              t - +3 ring of protection
MPRegen  0.39/turn              u - +3 ring of dexterity

@: no status effects
A: permanent stasis, dig shafts and tunnels, four strong arms, antennae 3, thin
metallic scales 1, wild magic 1, MP-powered wands
a: Dig, Shaft Self, Minor Destruction, Lesser Servant of Makhleb, Major
Destruction, Renounce Religion


You were on level 11 of the Dungeon.
You worshipped Makhleb.
Makhleb was greatly pleased with you.
You were not hungry.

You visited 3 branches of the dungeon, and saw 13 of its levels.
You also visited: Ossuary.

You collected 873 gold pieces.
You spent 559 gold pieces at shops.

Inventory:

Hand Weapons
 a - a +1 war axe of chopping (weapon)
 b - a +0 hand crossbow of flaming
 c - a +1 dire flail of crushing
Missiles
 q - 53 bolts
 v - 3 throwing nets (quivered)
Armour
 h - a +0 pair of boots (worn)
 s - a +0 shield (worn)
 w - a +0 pair of gloves (worn)
 G - a +2 scale mail of magic resistance (worn)
Jewellery
 t - a +3 ring of protection (left hand)
 u - a +3 ring of dexterity (right hand)
 x - an amulet of magic regeneration (around neck)
Wands
 d - a wand of acid (18)
 f - a wand of disintegration (9)
 g - a wand of iceblast (16)
 k - a wand of paralysis (33)
 l - a wand of flame (3)
 o - a wand of digging (15)
 p - a wand of enslavement (13)
 C - a wand of polymorph (4)
Scrolls
 i - 4 scrolls of identify
 j - 8 scrolls of remove curse
 m - a scroll of magic mapping
 r - 3 scrolls of fear
 y - a scroll of immolation
 z - 3 scrolls of amnesia
 B - 2 scrolls of summoning
Potions
 n - a potion of agility
 D - 7 potions of curing
 F - a potion of flight
Comestibles
 e - 15 rations
 A - 13 chunks of flesh


   Skills:
 + Level 5.1 Fighting
   Level 1.0 Short Blades
 + Level 15.0 Axes
 + Level 0.6 Crossbows
 + Level 5.1 Armour
 + Level 2.1 Dodging
 + Level 2.3 Stealth
 + Level 7.6 Shields
 + Level 0.8 Invocations
 + Level 5.2 Evocations


You had 11 spell levels left.
You didn't know any spells.
Your spell library contained the following spells:

 Spells                   Type           Power        Failure   Level  Hunger
 Recall                   Summ/Tloc      N/A          99%         3    ####...
 Aura of Abjuration       Summ           #.........   100%        5    ######.
 Irradiate                Conj/Tmut      #.........   100%        5    ######.
 Summon Demon             Summ           #.........   100%        5    ######.
 Summon Forest            Summ/Tloc      #.........   100%        5    ######.
 Summon Mana Viper        Hex/Summ       #.......     100%        5    ######.
 Hydra Form               Tmut           #.........   100%        6    #######
 Shadow Creatures         Summ           N/A          100%        6    #######
 Statue Form              Tmut/Erth      #........    100%        6    #######
 Dragon Form              Tmut           #.........   100%        7    #######


Dungeon Overview and Level Annotations

Branches:
Dungeon (11/15)            Temple (1/1) D:4            Lair (1/6) D:8
    Orc (0/2) D:9

Altars:
Ashenzari
Cheibriados
Dithmenos
Elyvilon
Fedhas
Gozag
Hepliaklqana
Kikubaaqudgha
Makhleb
Nemelex Xobeh
Okawaru
Qazlal
Ru
Sif Muna
Trog
Uskayaw
Vehumet
Wu Jian
Xom
Yredelemnul
Zin
The Shining One
Lugonu

Shops:
D:8 ?((*


Innate Abilities, Weirdness & Mutations

You cannot be hasted, slowed, berserked, paralysed or teleported.
You can dig through walls and to a lower floor.
Your four strong arms can wield two-handed weapons with a shield.
You have a pair of large antennae on your head. (SInv)
You are partially covered in thin metallic scales. (AC +2)
Your spells are a little harder to cast, but a little more powerful.
You expend magic power (3 MP) to strengthen your wands.


Message History

You barely miss the white ugly thing. The white ugly thing barely misses you.
You closely miss the white ugly thing. The white ugly thing trunk-slaps you.
The white ugly thing freezes you!!
You hit the white ugly thing but do no damage.
You slice the white ugly thing!!
The white ugly thing is moderately wounded.
The white ugly thing trunk-slaps you. The white ugly thing freezes you!!
* * * LOW HITPOINT WARNING * * *
You are too injured to fight recklessly!
Unknown command.
Okay, then.
Evoke which item? (* to show all) (? for menu, Esc to quit)
Aiming: Paralyse
Press: ? - help, Shift-Dir - straight line, f - white ugly thing
Aim: a white ugly thing (moderately wounded, chance to defeat MR: 51%)
The white ugly thing resists with significant effort.
You feel a surge of power! The white ugly thing trunk-slaps you.
* * * LOW HITPOINT WARNING * * *
The white ugly thing freezes you!!
You die...

..##.........#..###.#
.............#..# #.#
.............#..# #.#
.............'..# #.#
.............#..# #.#
.............#..###.#
#####+########......#
...........#
.......@...#
........u...#
............#
............#
............#
...........#
...........#
....?......#


You could see a white ugly thing.

Vanquished Creatures
  Harold (D:7)
  Erica (D:8)
  A centaur warrior (D:7)
  The ghost of Fungee the Magician, a novice GnSk (D:7)
  Pikel (D:6)
  Joseph (D:7)
  2 spiny frogs (Lair:1)
  A gargoyle (D:10)
  A komodo dragon (Lair:1)
  3 blink frogs (Lair:1)
  A hippogriff (Lair:1)
  Sigmund (D:3)
  A spriggan (D:10)
  A shadow (D:9)
  7 yaks
  2 hungry ghosts
  Grum (D:8)
  Menkaure (D:7)
  Edmund (D:6)
  2 water moccasins
  2 porcupines (Lair:1)
  An ice beast (D:8)
  7 orc warriors
  A phantom (D:7)
  4 sky beasts
  4 slaves (D:6)
  3 centaurs
  2 ogres
  7 wolves
  4 crocodiles
  Blork the orc (D:5)
  4 bullfrogs
  2 scorpions
  13 wights
  5 howler monkeys (D:10)
  4 crimson imps
  A bullfrog zombie (D:5)
  3 centaur zombies
  5 hounds
  3 orc priests (D:9)
  A jelly (D:9)
  2 bullfrog skeletons
  A human zombie (Ossuary)
  Ijyb (D:3)
  A centaur skeleton (D:9)
  2 iguanas (D:10)
  Jessica (D:2)
  Natasha (twice) (D:2)
  7 orc wizards
  5 worker ants
  A big kobold zombie (Ossuary)
  A hound skeleton (D:4)
  4 mummies (Ossuary)
  4 worker ant zombies
  Robin (D:3)
  5 gnolls
  7 adders
  3 shadow imps
  4 oozes
  2 adder skeletons
  2 worms
  2 dart slugs
  7 leopard geckos
  27 orcs
  5 bats
  7 giant cockroaches
  2 gnoll zombies (D:4)
  11 hobgoblins
  4 jackals
  A quokka (D:10)
  A ball python (D:1)
  2 frilled lizards
  16 goblins
  6 kobolds
  3 kobold zombies (Ossuary)
  A leopard gecko skeleton (D:5)
  A leopard gecko zombie (D:8)
  An orc zombie (Ossuary)
  A quokka zombie (D:5)
  6 rats
268 creatures vanquished.

Vanquished Creatures (collateral kills)
  3 gnolls (D:5)
3 creatures vanquished.

Grand Total: 271 creatures vanquished

Notes
Turn   | Place    | Note
-------+----------+-------------------------------------------
     0 | D:1      | Rrauwl the Formicid Artificer began the quest for the Orb.
     0 | D:1      | Reached XP level 1. HP: 15/15 MP: 3/3
    95 | D:1      | Reached XP level 2. HP: 16/21 MP: 4/4
   463 | D:1      | Reached skill level 1 in Armour
   573 | D:1      | Reached XP level 3. HP: 17/26 MP: 5/5
  1173 | D:2      | Found an ornate altar of the Wu Jian Council.
  1228 | D:2      | Reached XP level 4. HP: 27/33 MP: 6/6
  1260 | D:2      | Noticed Jessica
  1276 | D:2      | Killed Jessica
  1331 | D:2      | Noticed Natasha
  1349 | D:2      | Killed Natasha
  1349 | D:2      | Reached XP level 5. HP: 3/40 MP: 8/8
  1888 | D:2      | Noticed Natasha
  1898 | D:2      | Killed Natasha
  1898 | D:2      | Reached XP level 6. HP: 47/47 MP: 9/9
  2065 | D:3      | Noticed Sigmund
  2074 | D:3      | Killed Sigmund
  2230 | D:3      | Found a shadowy altar of Dithmenos.
  2368 | D:3      | Reached XP level 7. HP: 53/55 MP: 10/10
  2410 | D:3      | Noticed Robin
  2446 | D:3      | Killed Robin
  2589 | D:3      | Gained mutation: Your spells are a little harder to cast,
                  | but a little more powerful. [potion of mutation]
  2589 | D:3      | Gained mutation: You expend magic power (3 MP) to
                  | strengthen your wands. [potion of mutation]
  2589 | D:3      | Gained mutation: You are partially covered in thin metallic
                  | scales. (AC +2) [potion of mutation]
  2778 | D:3      | Noticed Ijyb
  2797 | D:3      | Killed Ijyb
  3190 | D:4      | Found a staircase to the Ecumenical Temple.
  3202 | Temple   | Entered the Ecumenical Temple
  3247 | Temple   | Became a worshipper of Makhleb the Destroyer
  3350 | D:4      | Found a blossoming altar of Fedhas.
  3557 | D:4      | Reached skill level 5 in Fighting
  3650 | D:4      | Found a basalt altar of Yredelemnul.
  4124 | D:5      | Entered Level 5 of the Dungeon
  4188 | D:5      | Reached skill level 5 in Armour
  4282 | D:5      | Found a sparkling altar of Nemelex Xobeh.
  4285 | D:5      | Found a shattered altar of Ashenzari.
  4287 | D:5      | Noticed Blork the orc
  4298 | D:5      | Killed Blork the orc
  4298 | D:5      | Reached skill level 1 in Axes
  4298 | D:5      | Reached skill level 5 in Evocations
  4454 | D:5      | Reached skill level 2 in Axes
  4510 | D:5      | Reached XP level 8. HP: 62/62 MP: 11/11
  4520 | D:5      | Reached skill level 3 in Axes
  4867 | D:5      | Reached skill level 4 in Axes
  4931 | D:5      | Found a snail-covered altar of Cheibriados.
  5010 | D:6      | Noticed a yak
  5071 | D:6      | Noticed Pikel
  5397 | D:6      | Found a glowing golden altar of the Shining One.
  5432 | D:6      | Noticed Edmund
  5453 | D:6      | Killed Edmund
  5453 | D:6      | Reached skill level 5 in Axes
  5479 | D:6      | Found a deep blue altar of Sif Muna.
  5492 | D:6      | Found a hazy altar of Hepliaklqana.
  5515 | D:6      | Killed Pikel
  5515 | D:6      | Reached skill level 7 in Axes
  5515 | D:6      | Reached XP level 9. HP: 68/68 MP: 8/12
  5669 | D:6      | Reached * piety under Makhleb
  5669 | D:6      | Reached skill level 8 in Axes
  5692 | D:6      | HP: 2/68 [yak (12)]
  6019 | D:6      | Found a hide-covered altar of Uskayaw.
  6020 | D:6      | Found an iron altar of Okawaru.
  6312 | D:7      | Reached skill level 9 in Axes
  6398 | D:7      | Noticed Menkaure
  6410 | D:7      | Killed Menkaure
  6657 | D:7      | Noticed Joseph
  6677 | D:7      | Killed Joseph
  6677 | D:7      | Reached skill level 10 in Axes
  6933 | D:7      | Reached XP level 10. HP: 73/74 MP: 13/13
  7229 | D:7      | Found a burning altar of Makhleb.
  7284 | D:7      | Noticed Harold
  7304 | D:7      | Killed Harold
  7304 | D:7      | Reached skill level 11 in Axes
  7471 | D:7      | Found a runed gate.
  7475 | D:7      | Found an opulent altar of Gozag.
  7476 | D:7      | Found a runed gate.
  7476 | D:7      | Found a runed gate.
  7476 | D:7      | Noticed Fungee's ghost (novice GnSk)
  7476 | D:7      | Noticed a centaur warrior
  7498 | D:7      | Killed a centaur warrior
  7498 | D:7      | Reached skill level 12 in Axes
  7520 | D:7      | Killed Fungee's ghost
  7947 | D:8      | Noticed Erica
  7957 | D:8      | Found Unkeicki's Assorted Antiques.
  7974 | D:8      | Killed Erica
  7974 | D:8      | Reached skill level 13 in Axes
  7974 | D:8      | Reached XP level 11. HP: 42/79 MP: 10/14
  8359 | D:8      | Found Juntedwa's Magic Scroll Shoppe.
  8361 | D:8      | Found a sand-covered staircase.
  8368 | Ossuary  | Entered an ossuary
  8582 | D:8      | Bought 2 scrolls of summoning for 266 gold pieces
  8582 | D:8      | Bought a scroll of enchant weapon for 105 gold pieces
  8591 | D:8      | Found Maiz's Antique Weapon Shoppe.
  8599 | D:8      | Bought a glowing hand crossbow for 188 gold pieces
  8601 | D:8      | Found Yjoehe's Weapon Boutique.
  8782 | D:8      | Reached ** piety under Makhleb
  8887 | D:8      | Found a staircase to the Lair.
  8909 | D:8      | Reached skill level 1 in Shields
  8913 | D:8      | Noticed Grum
  8936 | D:8      | Killed Grum
  9255 | Lair:1   | Entered Level 1 of the Lair of Beasts
  9258 | Lair:1   | Reached skill level 14 in Axes
  9829 | Lair:1   | Reached skill level 5 in Shields
 10910 | D:9      | Reached *** piety under Makhleb
 10945 | D:9      | Reached XP level 12. HP: 86/86 MP: 15/15
 10966 | D:9      | Found a white marble altar of Elyvilon.
 10966 | D:9      | Found a glowing silver altar of Zin.
 11112 | D:9      | Found a staircase to the Orcish Mines.
 11173 | D:10     | Entered Level 10 of the Dungeon
 11490 | D:10     | Reached **** piety under Makhleb
 11843 | D:11     | Reached skill level 15 in Axes
 11954 | D:11     | Mangled by a white ugly thing

Vault maps used:
D:1:      mushboom_english_gardens
D:2:      old_standard_altar, uniq_natasha, uniq_jessica
D:3:      overflow_temple_1_default, minmay_crystal_water, uniq_ijyb,
          uniq_sigmund, uniq_robin
D:4:      lemuel_upstairs_altar, fedhas_altar_2,
          lemuel_zombie_altar_yredelemnul, minmay_temple_entry_grid,
          minmay_misc_feat_encased
D:5:      kennysheep_mini_moat, chequers_temple_overflow_statue_of_worship,
          first_ration, kennysheep_windowed_goal, uniq_blork_the_orc
D:6:      nicolae_overflow_crystal_walls, minitemple,
          amethyst_overflow_temple_binary, uniq_edmund, uniq_pikel
D:7:      ebering_ghost_gozag, lemuel_tele_altar, uniq_harold, uniq_menkaure,
          uniq_joseph
D:8:      lair_entry_dummy, nicolae_ossuary_entry_monument, serial_shops,
          nicolae_shop_stone, shop, shop, nicolae_shop_crystal, uniq_grum,
          uniq_erica
D:9:      gammafunk_temple_overflow_pools, david_orc_4,
          minmay_misc_feat_four_crosses
D:10:     the_bakery, kennysheep_dice
D:11:     minmay_the_grid_triangle_9x9_recursive_2, serial_shops,
          nicolae_shop_waterfront, shop, grunt_ministairs_13
Temple:   corrupted_temple
Lair:1:   st_stairs_9, grunt_megastairs_5
Ossuary:  ossuary_crypta

Skill      XL: |  1  2  3  4  5  6  7  8  9 10 11 12 |
---------------+-------------------------------------+-----
Dodging        | 2 |  2.1
Armour         | 1 2 3 4 5 |  5.1
Stealth        | 2 |  2.3
Fighting       | 2 3 4 5 |  5.1
Evocations     | 4 5 |  5.2
Axes           | 2 7 10 13 14 15 | 15.0
Shields        | 6 7 |  7.6
Short Blades   | |  1.0
Crossbows      | |  0.6
Invocations    | |  0.8

Action                   |  1- 3 |  4- 6 |  7- 9 | 10-12 || total
-------------------------+-------+-------+-------+-------++-------
Melee: Short sword       |   116 |    83 |   153 |       ||   352
       War axe           |       |       |   209 |   445 ||   654
       Broad axe         |       |       |    40 |    97 ||   137
 Abil: Dig               |       |       |       |     1 ||     1
Evoke: Wand              |       |     8 |    27 |    45 ||    80
  Use: Potion            |     2 |     1 |    10 |     9 ||    22
       Scroll            |       |     7 |     3 |    10 ||    20
 Stab: Sleeping          |     2 |       |       |       ||     2
       Paralysed         |       |     7 |       |     2 ||     9
       Invisible         |       |       |       |     9 ||     9
  Eat: Chunk             |     1 |     4 |     8 |    16 ||    29
       Ration            |       |       |     2 |     3 ||     5
Armor: Leather armour    |    24 |       |       |       ||    24
       Scale mail        |     7 |    24 |    59 |       ||    90
       Chain mail        |       |       |   154 |       ||   154
       Skin              |       |       |     6 |       ||     6
       Ring mail         |       |       |       |    31 ||    31
       Plate armour      |       |       |       |   128 ||   128
Dodge: Dodged            |    66 |    48 |   123 |   132 ||   369
Block: Shield            |       |       |       |   128 ||   128

Table legend:
 A = Non-vault XP
 B = Vault XP
 C = Vault XP percentage of total XP
 D = Non-vault monster count
 E = Vault monster count
 F = Vault count percentage of total count
                 A         B        C        D         E       F
            +---------+---------+-------+---------+---------+-------
      Total |    9962 |    8308 |  45.5 |     197 |      70 |  26.2
            +---------+---------+-------+---------+---------+-------
        D:1 |      44 |       0 |   0.0 |      23 |       0 |   0.0
        D:2 |     159 |      73 |  31.5 |      17 |       2 |  10.5
        D:3 |      28 |     297 |  91.4 |      12 |      13 |  52.0
        D:4 |     155 |       4 |   2.5 |      12 |       2 |  14.3
        D:5 |     477 |      96 |  16.8 |      18 |       1 |   5.3
        D:6 |     735 |     794 |  51.9 |       8 |       2 |  20.0
        D:7 |     702 |    3360 |  82.7 |      14 |       8 |  36.4
        D:8 |    1144 |    1350 |  54.1 |      21 |       4 |  16.0
        D:9 |    2449 |     723 |  22.8 |      33 |      15 |  31.2
       D:10 |    1444 |     211 |  12.7 |      25 |       1 |   3.8
       D:11 |     111 |     158 |  58.7 |       1 |       5 |  83.3
     Lair:1 |    2514 |    1012 |  28.7 |      13 |       5 |  27.8
    Ossuary |       0 |     230 | 100.0 |       0 |      12 | 100.0
            +---------+---------+-------+---------+---------+-------
